 Dungeon Crawl Stone Soup version 0.30-a0-728-gc68057be0a (webtiles) character file.

Game seed: 2468591332274503506

439 browni3141 the Poker (level 7, -1/35 HPs)
             Began as a Vine Stalker Fighter on Jan 31, 2023.
             Slain by a bullfrog (5 damage)
             ... in a sewer.
             The game lasted 00:08:23 (2157 turns).

browni3141 the Poker (Vine Stalker Fighter)         Turns: 2157, Time: 00:08:24

Health: -1/35      AC:  6    Str: 21    XL:     7   Next: 1%
Magic:  0/8        EV:  9    Int:  8    God:
Gold:   218        SH:  4    Dex: 13    Spells: 6/6 levels left

rFire   . . .      SeeInvis .    a - +0 trident
rCold   . . .      Faith    .    c - +0 buckler
rNeg    . . .      Spirit   +    b - +0 scale mail
rPois   .          Reflect  .    (no helmet)
rElec   .          Harm     .    (no cloak)
rCorr   .          Rampage  .    (no gloves)
Will    .....                    (no boots) Stlth
                                 (no amulet)
HPRegen 1.05/turn                (no ring)
MPRegen 0.11/turn                (no ring)

@: weak-willed
A: fangs 2, regeneration 1, magic shield, antimagic bite, no potion heal 2
a: no special abilities


You were in a sewer.
You visited 1 branch of the dungeon, and saw 3 of its levels.
You also visited: Sewer.

You collected 218 gold pieces.

Inventory:

Hand Weapons
 a - a +0 trident (weapon)
 l - a +0 spear
Armour
 b - a +0 scale mail (worn)
 c - a +0 buckler (worn)
Jewellery
 m - a +5 ring of evasion
Scrolls
 h - a scroll of identify
 i - 2 scrolls of torment
 n - a scroll of magic mapping {unknown}
 p - 2 scrolls of enchant armour
 r - 2 scrolls of vulnerability
Potions
 d - a potion of flight {unknown}
 e - 2 potions of lignification {unknown}
 f - 2 potions of heal wounds {unknown}
 j - a potion of magic {unknown}
 o - a potion of brilliance {unknown}
 q - a potion of invisibility {unknown}


   Skills:
 - Level 2.6 Fighting
 * Level 6.6 Polearms
 - Level 2.4 Armour
 - Level 2.6 Shields


You had 6 spell levels left.
You didn't know any spells.
Your spell library contained the following spells:

 Spells                   Type           Power      Damage    Failure   Level
 Apportation              Tloc           0%         N/A       85%         1
 Cigotuvi's Dreadful Rot  Necr/Pois/Air  0%         N/A       94%         2
 Poisonous Vapours        Pois/Air       0%         N/A       94%         2
 Mephitic Cloud           Conj/Pois/Air  0%         N/A       99%         3
 Passage of Golubria      Tloc           0%         N/A       100%        4
 Alistair's Intoxication  Tmut/Pois      0%         N/A       100%        5
 Silence                  Hex/Air        0%         N/A       100%        5
 Lehudib's Crystal Spear  Conj/Erth      0%         10d2      100%        8


Dungeon Overview and Level Annotations

Branches:
Dungeon (3/15)              Sewer (1/1)

Altars:

Annotations:
D:3 1 transporter, scionoferis's ghost, amateur DgHs


Innate Abilities, Weirdness & Mutations

You have extremely sharp teeth.
Your natural rate of healing is unusually fast.
When hurt, damage is shared between your health and your magic reserves.
Your bite disrupts and absorbs the magic of your enemies.
Potions cannot restore your health.


Message History

The bullfrog is lightly wounded.
The bullfrog hits you. x2
* * * LOW HITPOINT WARNING * * *
You barely miss the bullfrog.
You bite the bullfrog, but do no damage.
The bullfrog is lightly wounded.
The bullfrog hits you.
* * * LOW HITPOINT WARNING * * *
You barely miss the bullfrog.
The bullfrog is lightly wounded.
The bullfrog barely misses you.
The bullfrog hits you but does no damage.
Okay, then.
Blink to where?
Press: ? - help, Dir - move target Splash!
You fall into the shallow water.
Moving in this stuff is going to be slow.
As you read the scroll of blinking, it crumbles to dust.
As you read the scroll labelled FOHEOSKEWEU, it crumbles to dust.
Your body is wracked with pain!
* * * LOW HITPOINT WARNING * * *
The bullfrog convulses!
It was a scroll of torment.
Okay, then.
Unknown command.
A bullfrog is nearby!
As you read the scroll labelled MANAL NATSARA, it crumbles to dust.
Magic quickly surges around you.
It was a scroll of vulnerability.
The bullfrog hits you!
* * * LOW HITPOINT WARNING * * *
Blink to where?
Press: ? - help, Dir - move target
As you read the scroll of blinking, it crumbles to dust.
As you read the scroll labelled GEYTZE MIWK, it crumbles to dust.
The scroll dissolves into smoke.
It was a scroll of fog.
As you read the scroll labelled DAKURY EMIVIBB, it crumbles to dust.
It is a scroll of identify.
p - 2 scrolls of enchant armour The bullfrog hits you.
You die...

#.~≈~~# #≈≈≈≈≈≈~~.≈≈~ ≈≈
#~~≈~~# #≈≈≈≈≈.~.$?.. ≈~
#.~≈~~# #≈≈≈≈≈≈B($?~~ ~≈
#.~≈~.# #≈≈≈≈≈≈≈B?..~ ≈≈
#.~≈~.# #≈≈≈≈≈≈≈≈~~~~~~~≈≈≈
#.~≈~.# #≈≈~≈≈≈≈≈≈~~~~≈≈≈≈
#.~≈~~# #≈≈≈~≈≈≈≈≈≈≈≈≈≈≈≈≈
#~~≈~~#######§≈≈≈≈≈≈≈~~≈≈≈≈≈
#~≈≈~~~~.§§@§§...~~≈~≈≈~~~~.
#~~≈~~~~~§F§§§~~~~~~≈~~≈≈≈†~
#.~≈≈≈≈≈≈§§§§§≈≈≈≈≈≈≈≈≈≈≈≈≈≈
#~~≈~~~~~~~~~~~~~~~~~~~~†~~~
#.~≈~~~F~...................
#~~≈~.######################
#.~≈§~########
###.~≈~~~~~.~..########
≈≈≈≈≈≈≈~~~~~~~~~~..∩.∩.#


You could see a bullfrog (weak-willed).

Vanquished Creatures
  Sigmund (D:2)
  A bullfrog (Sewer)
  Robin (D:3)
  3 gnolls (D:2)
  6 adders
  3 worms
  10 ball pythons
  10 bats
  3 endoplasms
  16 giant cockroaches
  8 goblins
  7 hobgoblins
  6 jackals (D:2)
  10 quokkas
  9 frilled lizards
  7 kobolds
  5 rats
106 creatures vanquished.

Notes
Turn   | Place    | Note
-------+----------+-------------------------------------------
     0 | D:1      | browni3141 the Vine Stalker Fighter began the quest for the
                  | Orb.
     0 | D:1      | Reached XP level 1. HP: 11/11 MP: 2/2
     5 | D:1      | Reached skill level 2 in Polearms
    80 | D:1      | Reached XP level 2. HP: 16/16 MP: 3/3
   168 | D:1      | Reached skill level 3 in Polearms
   202 | D:1      | Reached XP level 3. HP: 16/19 MP: 4/4
   780 | D:2      | Gained mutation: Your natural rate of healing is unusually
                  | fast. [Vine Stalker growth]
   780 | D:2      | Reached XP level 4. HP: 23/23 MP: 5/5
   818 | D:2      | Reached skill level 4 in Polearms
   897 | D:2      | Noticed Sigmund
   909 | D:2      | Killed Sigmund
   910 | D:2      | Reached skill level 5 in Polearms
   910 | D:2      | Reached XP level 5. HP: 9/27 MP: 1/6
   910 | D:2      | Reached XP level 6. HP: 10/32 MP: 1/7
  1417 | D:3      | Found a transporter.
  1421 | D:3      | Noticed scionoferis's ghost (amateur DgHs)
  1725 | D:3      | Reached skill level 6 in Polearms
  1725 | D:3      | Noticed Robin
  1752 | D:3      | Killed Robin
  1917 | D:3      | Found a glowing drain.
  1930 | Sewer    | Entered a sewer
  2148 | Sewer    | Reached XP level 7. HP: 7/35 MP: 1/8
  2154 | Sewer    | HP: 1/35 [bullfrog (6)]
  2157 | Sewer    | Slain by a bullfrog

Illustrated notes

Levels and vault maps discovered:
D:1:      dpeg_arrival_prison, layout_basic, kennysheep_decorative_pillar,
          minmay_pentomino_p2
D:2:      layout_basic, grunt_ministairs_4, uniq_sigmund
D:3:      layout_loops_corners, gup_sewer_entry_pipe, gammafunk_ghost_mausoleum,
          minmay_increasing_density, uniq_robin
Sewer:    sewer_frog_island_01

Skill      XL: |  1  2  3  4  5  6 |
---------------+-------------------+-----
Polearms       | 2 3 5 6 |  6.6
Fighting       | |  2.6
Armour         | |  2.4
Shields        | |  2.6

Action                     |  1- 3 |  4- 6 |  7- 9 || total
---------------------------+-------+-------+-------++-------
  Melee: Trident           |    58 |   107 |     3 ||   168
         Bite              |    15 |    47 |     1 ||    63
         Spear             |    45 |   125 |       ||   170
    Use: Potion            |       |     1 |       ||     1
         Scroll            |       |       |     6 ||     6
 Armour: Scale mail        |    37 |    80 |     1 ||   118
  Dodge: Dodged            |    32 |   102 |     1 ||   135
  Block: Buckler           |    21 |    29 |       ||    50

Table legend: (Time is in decaauts)
 A = Elapsed time spent in this place.
 B = Non-inter-level travel time spent in this place.
 C = Inter-level travel time spent in this place.
 D = Time resting spent in this place.
 E = Time spent auto-exploring this place.
 F = Levels seen in this place.
 G = Mean time per level.
                   A        B        C        D        E       F      G
               +--------+--------+--------+--------+--------+-----+--------+
         Total |   2186 |   2170 |     16 |     20 |   1465 |   4 |  546.5 |
       Dungeon |   1928 |   1912 |     16 |     20 |   1369 |   3 |  642.7 |
         Sewer |    257 |    257 |      0 |      0 |     96 |   1 |  257.0 |
               +--------+--------+--------+--------+--------+-----+--------+

Top non-repeatable levels by time:
     D:2: 723 daAuts
     D:3: 607 daAuts
     D:1: 598 daAuts
   Sewer: 257 daAuts
